 Dungeon Crawl Stone Soup version 0.22-a0-348-gd16d139 (webtiles) character file.

16590 kidcy the Destroyer (level 12, -14/69 HPs)
             Began as a Deep Elf Fire Elementalist on Apr 10, 2018.
             Was an Initiate of Gozag.
             Killed from afar by a wretched star (32 damage)
             ... with an orb of energy
             ... on level 2 of the Abyss.
             The game lasted 00:46:50 (15692 turns).

kidcy the Destroyer (Deep Elf Fire Elementalist)   Turns: 15692, Time: 00:46:51

Health: -14/69     AC: 11    Str:  5    XL:     12   Next: 11%
Magic:  21/21      EV: 12    Int: 26    God:    Gozag
Gold:   70         SH:  4    Dex: 14    Spells: 14/33 levels left

rFire    + . .     SeeInvis .   a - +3 whip (elec)
rCold    + . .     Gourm    .   (no shield)
rNeg     . . .     Faith    .   k - +0 robe
rPois    +         Spirit   .   (no helmet)
rElec    .         Reflect  +   C - +3 cloak "Roatergh" {rPois Dex+3 Stlth+}
rCorr    +         Harm     .   J - +1 pair of gloves
MR       +....     Rnd*Rage +   j - +2 pair of boots
Stlth    +++.......             B - +4 amulet of reflection
HPRegen  0.21/turn              G - ring of resist corrosion
MPRegen  0.17/turn              o - ring of Day {rF+ rC+}

@: drained
A: [berserk 2], [blurry vision 2], [clumsy 2], [deformed body], [low mp 3]
a: Potion Petition, Call Merchant, Bribe Branch, Renounce Religion


You were on level 2 of the Abyss.
You worshipped Gozag.
Gozag was noncommittal.
You were not hungry.

You visited 2 branches of the dungeon, and saw 13 of its levels.
You visited the Abyss 1 time.
You also visited: Volcano.

You collected 1989 gold pieces.
You spent 378 gold pieces at shops.
You paid 1541 gold pieces to Gozag.

Inventory:

Hand Weapons
 a - a +3 whip of electrocution (weapon)
 b - a +0 blowgun
Missiles
 u - 14 poisoned needles
Armour
 j - a +2 pair of boots (worn)
 k - a +0 robe (worn)
 z - a +1 ring mail of cold resistance
 C - the +3 cloak "Roatergh" (worn) {rPois Dex+3 Stlth+}
   (You found it on level 4 of the Dungeon)

   It affects your dexterity (+3).
   It protects you from poison.
   It makes you more stealthy.
 I - a +0 buckler
 J - a +1 pair of gloves (worn)
Jewellery
 l - an uncursed ring of poison resistance
 o - the ring of Day (right hand) {rF+ rC+}
   (You found it on level 7 of the Dungeon)

   [ring of protection from cold]

   It protects you from fire.
   It protects you from cold.
 A - the amulet "Baav" {Regen+ MP+9 Int+3, unknown}
   (You found it on level 1 of the Lair of Beasts)

   [amulet of regeneration]

   It affects your intelligence (+3).
   It affects your magic capacity (+9).
   It increases your rate of regeneration.
 B - a +4 amulet of reflection (around neck)
 G - a ring of resist corrosion (left hand)
 H - the ring "Nasmur Sali" {Str+4 Dex+2}
   (You found it on level 6 of the Dungeon)

   [ring of dexterity]

   It affects your strength (+4).
   It affects your dexterity (+2).
 L - an uncursed ring of protection from magic
Wands
 q - a wand of iceblast (16)
 t - a wand of flame (26)
 x - a wand of random effects (53)
 D - a wand of acid (4)
Scrolls
 g - 3 scrolls of amnesia
 w - 6 scrolls of remove curse
 y - a scroll of teleportation
 K - a scroll of enchant weapon
 M - a scroll of magic mapping
 N - 2 scrolls of torment {unknown}
 O - 4 scrolls of identify
 Q - a scroll of blinking
Potions
 d - 3 potions of lignification
 e - 3 potions of berserk rage
 f - 4 potions of flight
 h - 3 potions of agility
 m - 4 potions of degeneration
 r - a potion of resistance
 s - 6 potions of mutation
 v - a potion of brilliance
 E - 2 potions of curing
 F - a potion of might
Comestibles
 c - 12 rations


   Skills:
 + Level 5.7(5.1) Fighting
 * Level 7.2(6.6) Armour
 - Level 2.4(1.8) Dodging
 - Level 2.4(1.8) Stealth
 + Level 11.3(10.6) Spellcasting
 - Level 11.4(10.7) Conjurations
 + Level 3.1(2.5) Summonings
 - Level 9.3(8.7) Fire Magic
 * Level 4.5(3.9) Ice Magic


You had 14 spell levels left.
You knew the following spells:

 Your Spells              Type           Power        Failure   Level  Hunger
a - Flame Tongue          Conj/Fire      #####        1%          1    None
b - Throw Flame           Conj/Fire      ######       1%          2    None
c - Conjure Flame         Conj/Fire      ######..     1%          3    None
d - Sticky Flame          Conj/Fire      ######..     1%          4    None
e - Fireball              Conj/Fire      ######....   2%          5    ####...
s - Summon Ice Beast      Ice/Summ       ####....     11%         4    None


Dungeon Overview and Level Annotations

Branches:
Dungeon (10/15)            Temple (0/1) D:7            Lair (3/6) D:9
 Shoals (0/4) Lair:3       Spider (0/4) Lair:2
    Orc: D:9-12

Altars:
Gozag
Makhleb

Shops:
Lair:1 !

Annotations:
D:10 Urug


Innate Abilities, Weirdness & Mutations

[You often lose your temper in combat.]
[Scrolls take you longer to read.]
[You are very clumsy. (Dex -4)]
[Armour fits poorly on your strangely shaped body.]
[Your magical capacity is extremely low. (-30% MP)]


Message History

You feel less energetic.
An eye of draining comes into view.
The wretched star pulses with an eldritch light!
You feel clumsy. x2
The wretched star pulses with an eldritch light!
Your body twists and deforms.
Your vision blurs. x2
The eye of draining moves out of view.
The wretched star glows turbulently.
The orb of energy hits you!
* * * LOW HITPOINT WARNING * * *
A large abomination comes into view.
The wretched star pulses with an eldritch light!
You feel a little pissed off.
You feel angry.
The wretched star glows turbulently.
The orb of energy hits you!
* * * LOW HITPOINT WARNING * * *
The wretched star glows turbulently.
The orb of energy hits you!
You die...
Your body crumbles into a pile of gold.

##..
###..##.#...
... ###
*..##....
....#..#..#.#.#
.. #X......##
... #..X*..##
.. #..##*##.#
#... #.#...#
... #.#.#.# ##
..##@.#
...#..##
...##.## .#..
#. .. .. .# #.
.. .#.


You could see 2 wretched stars and a large abomination.

Vanquished Creatures
  Fannar (Lair:2)
  2 hydras
  A two-headed ogre (D:8)
  Pikel (D:3)
  4 black mambas (Lair:1)
  A spiny frog (Lair:3)
  A smoke demon (Abyss:2)
  A komodo dragon (Lair:1)
  7 blink frogs
  Prince Ribbit (Lair:3)
  4 hippogriffs
  Eustachio (D:4)
  3 wyverns
  A basilisk (Lair:2)
  9 yaks (Lair:1)
  Grum (D:8)
  2 steam dragons
  A harpy simulacrum (Abyss:2)
  Edmund (D:4)
  9 porcupines
  2 water moccasins
  A black bear (D:6)
  3 orc warriors
  4 phantoms
  An ice beast (D:8)
  6 sky beasts
  7 ogres
  2 necrophages
  2 centaurs
  3 wolves (D:8)
  6 crocodiles (Lair:1)
  A big kobold (D:8)
  7 bullfrogs
  3 scorpions
  10 killer bees
  5 crimson imps
  A centaur zombie (D:7)
  A quasit (Abyss:2)
  6 hounds
  4 orc priests
  A bullfrog skeleton (D:9)
  3 jellies
  A centaur skeleton (D:8)
  Jessica (D:3)
  8 iguanas
  8 worker ants
  A small abomination (Abyss:2)
  A killer bee zombie (D:7)
  A worker ant zombie (D:6)
  8 adders
  18 gnolls
  A howler monkey skeleton (D:6)
  A shadow imp (D:7)
  An ufetubus (Abyss:2)
  5 worms
  5 dart slugs
  A leopard gecko (D:5)
  10 orcs
  5 bats
  A bat zombie (D:2)
  8 giant cockroaches
  6 goblins
  9 hobgoblins
  5 jackals
  7 kobolds
  6 quokkas
  5 frilled lizards
  A jackal skeleton (D:6)
  A leopard gecko skeleton (D:2)
  9 rats
265 creatures vanquished.

Vanquished Creatures (collateral kills)
  A smoke demon (Abyss:2)
1 creature vanquished.

Vanquished Creatures (others)
  A slave (D:4)
  A hound (D:4)
  A worker ant (D:4)
  An adder skeleton (D:9)
  An orc (D:9)
  5 fungi
  A lurking horror (Abyss:2)
  2 plants (Lair:1)
13 creatures vanquished.

Grand Total: 279 creatures vanquished

Notes
Turn   | Place    | Note
-------+----------+-------------------------------------------
     0 | D:1      | kidcy the Deep Elf Fire Elementalist began the quest for the Orb.
     0 | D:1      | Reached XP level 1. HP: 10/10 MP: 6/6
   353 | D:1      | Reached XP level 2. HP: 15/15 MP: 1/8
   818 | D:1      | Reached XP level 3. HP: 19/19 MP: 6/10
  1280 | D:2      | Learned a level 2 spell: Throw Flame
  1284 | D:2      | Learned a level 3 spell: Conjure Flame
  1895 | D:3      | Reached XP level 4. HP: 24/24 MP: 7/11
  2404 | D:3      | Reached XP level 5. HP: 18/28 MP: 9/13
  2806 | D:3      | Noticed Jessica
  2811 | D:3      | Killed Jessica
  2934 | D:3      | Learned a level 4 spell: Sticky Flame
  2981 | D:3      | Found a burning altar of Makhleb.
  2981 | D:3      | Noticed a balrug
  3304 | D:4      | Noticed Pikel
  3304 | D:4      | Noticed a slave
  3304 | D:4      | Noticed a slave
  3304 | D:4      | Noticed a slave
  3305 | D:4      | Noticed a slave
  3381 | D:3      | Killed Pikel
  3381 | D:3      | Reached skill level 5 in Fire Magic
  3381 | D:3      | Reached XP level 6. HP: 11/32 MP: 13/17
  3381 | D:3      | Reached XP level 7. HP: 12/36 MP: 13/18
  3606 | D:4      | Noticed Edmund
  3640 | D:4      | Killed Edmund
  3810 | D:4      | Noticed Eustachio
  3831 | D:4      | Killed Eustachio
  3831 | D:4      | Reached XP level 8. HP: 41/41 MP: 12/20
  3839 | D:4      | Learned a level 5 spell: Fireball
  3956 | D:4      | Got a heavily runed cloak
  3962 | D:4      | Identified the +3 cloak "Roatergh" {rPois Dex+3 Stlth+} (You found it on level 4 of the Dungeon)
  4281 | D:5      | Entered Level 5 of the Dungeon
  4846 | D:5      | Reached skill level 1 in Fighting
  4846 | D:5      | Reached skill level 1 in Armour
  5560 | D:6      | Found an opulent altar of Gozag.
  5616 | D:6      | Became a worshipper of Gozag Ym Sagoz the Greedy
  5998 | D:6      | Reached XP level 9. HP: 47/47 MP: 14/22
  6301 | D:6      | Got a glittering golden ring
  6342 | D:6      | Identified the ring "Nasmur Sali" {Str+4 Dex+2} (You found it on level 6 of the Dungeon)
  7092 | D:7      | Got a brightly glowing silver ring
  7504 | D:7      | Found a staircase to the Ecumenical Temple.
  8273 | D:8      | Reached skill level 10 in Conjurations
  8391 | D:8      | Noticed Grum
  8412 | D:8      | Killed Grum
  8525 | D:8      | Reached XP level 10. HP: 55/55 MP: 5/24
  9020 | D:8      | Identified the ring of Day {rF+ rC+} (You found it on level 7 of the Dungeon)
  9194 | D:9      | Found a staircase to the Lair.
  9196 | D:9      | Noticed a two-headed ogre
  9308 | D:8      | Killed a two-headed ogre
  9680 | D:9      | Noticed a four-headed hydra
  9694 | D:9      | Killed a four-headed hydra
 10078 | D:10     | Entered Level 10 of the Dungeon
 10422 | D:10     | Noticed Urug
 10471 | D:10     | Reached skill level 10 in Spellcasting
 10550 | D:10     | Reached skill level 5 in Armour
 10768 | D:10     | Reached XP level 11. HP: 55/61 MP: 14/27
 11027 | Lair:1   | Entered Level 1 of the Lair of Beasts
 11238 | Lair:1   | Got a slimy jade amulet
 11725 | Lair:1   | Reached skill level 5 in Fighting
 12273 | Lair:1   | Learned a level 4 spell: Summon Ice Beast
 12447 | Lair:1   | Reached skill level 1 in Ice Magic
 12577 | Lair:1   | Reached skill level 1 in Summonings
 12634 | Lair:1   | Noticed a four-headed hydra
 12653 | Lair:1   | Killed a four-headed hydra
 13528 | Lair:2   | Found a hole to the Spider Nest.
 13945 | Lair:1   | Bought a potion of curing for 42 gold pieces
 13945 | Lair:1   | Bought a potion of haste for 140 gold pieces
 13945 | Lair:1   | Bought a potion of magic for 112 gold pieces
 13945 | Lair:1   | Bought a potion of curing for 42 gold pieces
 13945 | Lair:1   | Bought a potion of curing for 42 gold pieces
 14137 | Lair:3   | Noticed Fannar
 14144 | Lair:3   | Noticed a five-headed hydra
 14158 | Lair:2   | Killed Fannar
 14158 | Lair:2   | Reached XP level 12. HP: 40/68 MP: 10/29
 14300 | Lair:3   | Found a dark tunnel.
 14301 | Lair:3   | Noticed Prince Ribbit
 14307 | Lair:3   | Killed Prince Ribbit
 14340 | Volcano  | Entered a volcano
 14361 | Volcano  | Cast into level 2 of the Abyss (a wizard)
 14486 | Abyss:2  | Noticed a great orb of eyes
 14500 | Abyss:2  | HP: 1/69 [smoke demon/divine providence (12)]
 14606 | Abyss:2  | Noticed a starcursed mass
 14612 | Abyss:2  | Found a shadowy altar of Dithmenos.
 14874 | Abyss:2  | Noticed a lich
 14884 | Abyss:2  | Noticed a profane servitor
 15092 | Abyss:2  | Noticed a starcursed mass
 15692 | Abyss:2  | Killed from afar by a wretched star

Vault maps used:
D:1:      elethiomel_arrival_shortcut
D:2:      serial_undead, serial_undead_d, serial_undead_f, serial_undead_e,
          serial_undead_e
D:3:      makhleb_altar_promises_db, uniq_jessica
D:4:      minmay_misc_feat_rugged, uniq_pikel, uniq_edmund, uniq_eustachio
D:5:      first_ration, kennysheep_opposing_triangles
D:6:      lemuel_round_altar, st_stairs_9
D:7:      minmay_temple_entry_metal_lava
D:8:      blue_anna_alchemist, uniq_grum
D:9:      lair_entry_dummy, minmay_holes
D:10:     hangedman_misty_isle, uniq_urug
Lair:1:   grunt_megastairs_5
Lair:2:   nicolae_spider_entry_non_spiders
Lair:3:   shoals_dummy_entry, nicolae_volcano_entry_lava_flow,
          grunt_megastairs_2, uniq_fannar, uniq_prince_ribbit2
Abyss:2:  evilmike_abyss_exit_mutagenic
Volcano:  volcano_bunker

Skill      XL: |  1  2  3  4  5  6  7  8  9 10 11 12 |
---------------+-------------------------------------+-----
Conjurations   | 2 3 6 7 8 10 11 | 11.4
Spellcasting   | 4 6 7 8 10 11 | 11.3
Fire Magic     | 4 5 6 7 8 9 |  9.3
Fighting       | 2 3 4 5 |  5.7
Armour         | 2 3 5 7 |  7.2
Ice Magic      | 4 |  4.5
Summonings     | 2 3 |  3.1
Dodging        | |  2.4
Stealth        | |  2.4

Action                   |  1- 3 |  4- 6 |  7- 9 | 10-12 || total
-------------------------+-------+-------+-------+-------++-------
Melee: Unarmed           |     5 |       |       |       ||     5
       Dagger            |    17 |    29 |       |       ||    46
       Whip              |       |       |    88 |    32 ||   120
 Fire: Blowgun           |       |    45 |    47 |     8 ||   100
 Cast: Flame Tongue      |    61 |    48 |   178 |   162 ||   449
       Conjure Flame     |       |     5 |     9 |    18 ||    32
       Sticky Flame      |       |       |    23 |    92 ||   115
       Fireball          |       |       |     6 |    15 ||    21
       Throw Flame       |       |       |     5 |     2 ||     7
       Summon Ice Beast  |       |       |       |     9 ||     9
Invok: Call Merchant     |       |       |       |     1 ||     1
       Potion Petition   |       |       |       |     3 ||     3
Evoke: Wand              |       |       |     5 |     8 ||    13
  Use: Scroll            |       |       |    14 |    19 ||    33
       Potion            |       |       |       |    17 ||    17
 Stab: Sleeping          |     1 |       |     2 |       ||     3
  Eat: Chunk             |     2 |     5 |     3 |       ||    10
       Ration            |       |       |     5 |     7 ||    12
Armor: Robe              |     6 |    11 |    42 |   122 ||   181
Dodge: Dodged            |    33 |    24 |   100 |   167 ||   324
Block: Other             |       |       |    31 |    48 ||    79

Table legend:
 A = Spawn XP
 B = Non-spawn XP
 C = Spawn XP percentage of total XP
 D = Spawn monster count
 E = Non-spawn monster count
 F = Spawn count percentage of total count
 G = Total turns spent on level
                    A         B        C        D         E        F      G
               +---------+---------+-------+---------+---------+-------+---------
         Total |     294 |   23407 |   1.2 |       4 |     263 |   1.5 | 15692
               +---------+---------+-------+---------+---------+-------+---------
           D:1 |       0 |      52 |   0.0 |       0 |      28 |   0.0 |  1211
           D:2 |       0 |      43 |   0.0 |       0 |      15 |   0.0 |   651
           D:3 |       0 |     925 |   0.0 |       0 |      28 |   0.0 |  1657
           D:4 |       0 |     744 |   0.0 |       0 |       8 |   0.0 |   762
           D:5 |       0 |     287 |   0.0 |       0 |       9 |   0.0 |  1030
           D:6 |       0 |    1319 |   0.0 |       0 |      33 |   0.0 |  1634
           D:7 |       0 |     990 |   0.0 |       0 |      17 |   0.0 |   826
           D:8 |       0 |    2784 |   0.0 |       0 |      29 |   0.0 |  1509
           D:9 |       0 |    1577 |   0.0 |       0 |      14 |   0.0 |   977
          D:10 |       0 |    2558 |   0.0 |       0 |      25 |   0.0 |   805
        Lair:1 |       0 |    8426 |   0.0 |       0 |      37 |   0.0 |  2319
        Lair:2 |       0 |    1785 |   0.0 |       0 |      11 |   0.0 |   827
        Lair:3 |       0 |    1476 |   0.0 |       0 |       6 |   0.0 |   132
       Abyss:2 |     294 |     441 |  40.0 |       4 |       3 |  57.1 |  1331
               +---------+---------+-------+---------+---------+-------+---------
